 Dungeon Crawl Stone Soup version 0.26.1-11-gd32895ea62 (webtiles) character file.

Game seed: 7118782557444733344

55 raph the Grave Robber (level 4, 0/30 HPs)
             Began as a Human Necromancer on May 5, 2021.
             Killed from afar by a white imp (8 damage)
             ... with a puff of frost
             ... on level 3 of the Dungeon.
             The game lasted 00:03:21 (2465 turns).

raph the Grave Robber (Human Necromancer)           Turns: 2465, Time: 00:03:21

Health: 0/30       AC:  2    Str:  5 (8)  XL:     4   Next: 14%
Magic:  7/7        EV: 12    Int: 14 (16) God:
Gold:   87         SH:  0    Dex: 12 (14) Spells: 2/7 levels left

rFire    . . .     SeeInvis .   c - +0 mace
rCold    . . .     Faith    .   (no shield)
rNeg     . . .     Spirit   .   a - +0 robe
rPois    .         Reflect  .   (no helmet)
rElec    .         Harm     .   (no cloak)
rCorr    .         Rampage  .   (no gloves)
Will     .....                  (no boots)
Stlth    ++........             (no amulet)
HPRegen  0.10/turn              (no ring)
MPRegen  0.10/turn              (no ring)

@: no status effects
A: no striking features
a: no special abilities


You were on level 3 of the Dungeon.
You visited 1 branch of the dungeon, and saw 3 of its levels.

You collected 87 gold pieces.

Inventory:

Hand Weapons
 c - a +0 mace (weapon)
 d - a +0 dagger of flaming
Armour
 a - a +0 robe (worn)
Scrolls
 b - 2 scrolls of blinking {unknown}
 e - a scroll of magic mapping {unknown}
 g - 2 scrolls of teleportation {unknown}
 i - 2 scrolls of remove curse {unknown}
 j - 2 scrolls of identify {unknown}
Potions
 f - a potion of flight {unknown}
 h - a potion of resistance {unknown}


   Skills:
 - Level 2.0 Dodging
 - Level 2.0 Stealth
 - Level 2.0 Spellcasting
 + Level 5.4 Necromancy


You had 2 spell levels left.
You knew the following spells:

 Your Spells              Type           Power        Failure   Level
a - Pain                  Necr           64%          2%          1
b - Animate Skeleton      Necr           32%          2%          1
c - Vampiric Draining     Necr           8%           8%          3

Your spell library contained the following spells:

 Spells                   Type           Power        Failure   Level
 Animate Dead             Necr           8%           26%         4
 Agony                    Necr           16%          56%         5


Dungeon Overview and Level Annotations

Branches:
Dungeon (3/15)

Altars:
Makhleb

Annotations:
D:2 Robin


Message History

The white imp hits you. The white imp freezes you.
You are too injured to fight recklessly!
You are too injured to fight recklessly!
You are too injured to fight recklessly!
You are too injured to fight recklessly!
You are too injured to fight recklessly!
You are too injured to fight recklessly!
You are too injured to fight recklessly!
You are too injured to fight recklessly!
You are too injured to fight recklessly!
You are too injured to fight recklessly!
You closely miss the white imp.
The white imp is severely wounded.
The white imp hits you. The white imp freezes you.
* * * LOW HITPOINT WARNING * * *
You hit the white imp.
The white imp is almost dead.
The white imp gestures at you. The puff of frost hits you!
You die...

### #.#.##.....#.#.#
#.# ...#.#........#.#.#
#.#
##.#.#####.#..#†#.###.#
#......<).....<.#.÷##.#
####.#####............#
#...†# ###.##.._..###
#.##.# #.##.....# # ..#
###.##.##### ..+
#5@.##.# ...# ######.#
.... ... ##### #.. #.


You could see a white imp.

Vanquished Creatures
  2 adders
  A dart slug (D:1)
  A leopard gecko (D:1)
  A ball python (D:1)
  6 bats
  4 goblins
  4 hobgoblins (D:1)
  4 jackals
  3 frilled lizards
  3 kobolds
  5 rats
34 creatures vanquished.

Notes
Turn   | Place    | Note
-------+----------+-------------------------------------------
     0 | D:1      | raph the Human Necromancer began the quest for the Orb.
     0 | D:1      | Reached XP level 1. HP: 13/13 MP: 3/3
   351 | D:1      | Reached XP level 2. HP: 17/19 MP: 3/5
   444 | D:1      | Learned a level 1 spell: Animate Skeleton
  1006 | D:1      | Reached XP level 3. HP: 24/24 MP: 4/6
  1051 | D:1      | Learned a level 3 spell: Vampiric Draining
  1484 | D:2      | Reached skill level 5 in Necromancy
  1921 | D:2      | Noticed Robin
  2002 | D:3      | Found a burning altar of Makhleb.
  2136 | D:3      | Reached XP level 4. HP: 16/30 MP: 0/7
  2465 | D:3      | Killed from afar by a white imp

Illustrated notes

Levels and vault maps discovered:
D:1:      minmay_arrival_diagonal_passages, layout_basic
D:2:      layout_basic, serial_rivers, chequers_serial_rivers_micro_d,
          chequers_serial_rivers_room_b, chequers_serial_rivers_room_b,
          chequers_serial_rivers_small_3, uniq_robin
D:3:      cheibrodos_greedy_goblins, layout_basic, led_sif_pool, bloody_makhleb

Skill      XL: |  1  2  3 |
---------------+----------+-----
Necromancy     | 5 |  5.4
Dodging        | |  2.0
Stealth        | |  2.0
Spellcasting   | |  2.0

Action                   |  1- 3 |  4- 6 || total
-------------------------+-------+-------++-------
Melee: Unarmed           |     1 |       ||     1
       Mace              |    11 |    13 ||    24
 Cast: Pain              |    52 |     2 ||    54
  Use: Potion            |     2 |       ||     2
Armor: Robe              |    12 |     4 ||    16
Dodge: Dodged            |    38 |    12 ||    50
